 Dungeon Crawl Stone Soup version 0.17-a0-1719-g1afd5a1 (webtiles) character file.

193 flad the Zephyrmancer (level 5, -3/28 HPs)
             Began as a Tengu Air Elementalist on Aug 27, 2015.
             Slain by an orc priest
             ... wielding a +0 war axe
              (8 damage)
             ... on level 4 of the Dungeon.
             The game lasted 00:13:53 (4325 turns).

flad the Zephyrmancer (Tengu Air Elementalist)      Turns: 4325, Time: 00:13:54

Health: -3/28      AC:  8    Str:  9    XL:     5   Next: 72%
Magic:  4/9        EV: 12    Int: 16    God:
Gold:   94         SH:  0    Dex: 14    Spells: 2 memorised, 5 levels left

rFire  . . .     SeeInvis .     d - +2 halberd (protect)
rCold  . . .     Clarity  .     v - +0 leather armour
rNeg   . . .     SustAt   .     (no shield)
rPois  .         Gourm    .     (helmet restricted)
rElec  .         Spirit   .     (no cloak)
rCorr  .         Warding  .     (no gloves)
rMut   .         Stasis   .     (boots unavailable)
MR     .....                    (no amulet)
Stlth  ++........               (no ring)
                                (no ring)

@: very slightly contaminated, not resistant to hostile enchantments, unstealthy
A: beak, talons 3, able to fly 1
a: Fly


You were on level 4 of the Dungeon.
You were not hungry.

You visited 1 branch of the dungeon, and saw 4 of its levels.

You collected 94 gold pieces.

Inventory:

Hand weapons
 d - a +2 halberd of protection (weapon)
Armour
 t - a +0 buckler of protection
 v - a +0 leather armour (worn)
Scrolls
 e - a scroll of recharging {unknown}
 f - 3 scrolls of teleportation {unknown}
 i - 4 scrolls of identify {unknown}
 l - a scroll of random uselessness {unknown}
 m - 2 scrolls of enchant weapon {unknown}
 n - a scroll of magic mapping {unknown}
 p - 2 scrolls of remove curse {unknown}
 q - a scroll of immolation {unknown}
 s - a scroll of fog {unknown}
 u - a scroll of amnesia {unknown}
Potions
 a - a potion of ambrosia {unknown}
 h - 3 potions of heal wounds {unknown}
 j - 4 potions of curing {unknown}
 k - 4 potions of agility {unknown}
 o - a potion of brilliance {unknown}
Books
 b - a book of Air

   Spells                             Type                      Level
   a - Shock                          Conjuration/Air              1
   b - Swiftness                      Charms/Air                   2
   c - Repel Missiles                 Charms/Air                   2
   d - Static Discharge               Conjuration/Air              3
   e - Lightning Bolt                 Conjuration/Air              5
 r - a book of Geomancy

   Spells                             Type                      Level
   a - Sandblast                      Earth                        1
   b - Stoneskin                      Transmutation/Earth          2
   c - Passwall                       Transmutation/Earth          3
   d - Stone Arrow                    Conjuration/Earth            3
   e - Petrify                        Transmutation/Earth          4
   f - Lee's Rapid Deconstruction     Earth                        5
Comestibles
 c - 3 bread rations
 g - a beef jerky


   Skills:
 - Level 2.2 Dodging
 - Level 2.1 Stealth
 - Level 2.1 Spellcasting
 - Level 1.3 Conjurations
 + Level 8.0 Air Magic


You had 5 spell levels left.
You knew the following spells:

 Your Spells              Type           Power        Failure   Level  Hunger
a - Shock                 Conj/Air       ###.         4%          1    #......
b - Swiftness             Chrm/Air       ##......     10%         2    ###....


Dungeon Overview and Level Annotations

Branches:
Dungeon (4/15)
 Temple: D:4-7

Altars:
Cheibriados
Elyvilon
Qazlal
Yredelemnul

Shops:
D:4 (


Innate Abilities, Weirdness & Mutations

You have a beak for a mouth.
You have claws for feet.
You can fly.


Message History

You are very lightly contaminated with residual magic.
Nothing appears to happen.
The orc priest calls upon Beogh to heal the orc wizard.
The orc wizard is healed somewhat.
Unknown command.
Casting: Shock
Confirm with . or Enter, or press ? or * to list all spells.
Aiming: Shock
Press: ? - help, Shift-Dir - straight line, f/p - orc priest
Aim: an orc priest, wielding a war axe (almost dead)
The zap hits the orc priest.
The orc priest is almost dead.
The zap hits the orc wizard.
The orc wizard is severely wounded.
The zap hits the orc.
The orc is severely wounded.
The zap hits the orc.
The orc is almost dead.
The orc priest hits you with a war axe!
You die...

###....._.....## #..........#
# #.#.......#.# #..........#
#.#.......#....##........## .
##.....##..#.###......## #
###.####......##.##### #. ...
..###......## #...##. ###
##.##...######## ....##.
#######.#..#........#
.....o.###oo.o@..............#
#.ol[......####....##........#
...##..........####.>.######
#..........# #...#
###..........####...#
##...................#
##.(#..........#..#...#
##..######.######.##...##
#..## #.#####..##....#


You could see an orc priest, an orc wizard and an orc.

Vanquished Creatures
  A worker ant (D:4)
  An orc wizard (D:4)
  A hound skeleton (D:4)
  A gnoll (D:2)
  3 adders
  2 oozes
  3 worms
  3 giant geckos
  4 orcs
  2 giant cockroaches
  4 goblins
  6 hobgoblins (D:1)
  7 jackals
  3 quokkas (D:3)
  A ball python (D:2)
  8 bats
  7 giant newts
  10 kobolds
  5 rats (D:1)
72 creatures vanquished.

Vanquished Creatures (others)
  A hobgoblin (D:3)
  A giant newt (D:3)
2 creatures vanquished.

Grand Total: 74 creatures vanquished

Notes
Turn   | Place    | Note
--------------------------------------------------------------
     0 | D:1      | flad the Tengu Air Elementalist began the quest for the Orb.
     0 | D:1      | Reached XP level 1. HP: 10/10 MP: 4/4
   286 | D:1      | Reached XP level 2. HP: 7/15 MP: 3/6
   743 | D:1      | Reached skill level 5 in Air Magic
   752 | D:1      | Reached XP level 3. HP: 8/19 MP: 1/7
   925 | D:1      | Learned a level 2 spell: Swiftness
  1705 | D:2      | Found a basalt altar of Yredelemnul.
  2059 | D:2      | Reached skill level 6 in Air Magic
  2059 | D:2      | Reached XP level 4. HP: 24/24 MP: 8/8
  2409 | D:3      | Found a white marble altar of Elyvilon.
  3301 | D:3      | Found a snail-covered altar of Cheibriados.
  3505 | D:4      | Reached skill level 7 in Air Magic
  3505 | D:4      | Gained mutation: You can fly. [Tengu growth]
  3505 | D:4      | Reached XP level 5. HP: 28/28 MP: 9/9
  3869 | D:4      | Found a stormy altar of Qazlal.
  3989 | D:4      | Reached skill level 8 in Air Magic
  4281 | D:4      | Found Gixtynes's Weapon Shoppe.
  4325 | D:4      | Slain by an orc priest

Vault maps used:
D:1:      kilobyte_arrival_exit_the_forest
D:2:      lemuel_round_altar, first_bread
D:3:      elyvilon_altar_4, nicolae_overflow_hidden_temple,
          hangedman_decor_riveting
D:4:      old_standard_altar, serial_shops, kennysheep_mini_moat,
          trog_three_pillars_becter

Action                   |  1- 3 |  4- 6 || total
-------------------------+-------+-------++-------
Melee: Dagger            |    49 |       ||    49
       Halberd           |    13 |    66 ||    79
 Cast: Shock             |    50 |    43 ||    93
 Stab: Sleeping          |     4 |     4 ||     8
       Distracted        |     1 |     1 ||     2
  Eat: Chunk             |     4 |     8 ||    12
